 Dungeon Crawl Stone Soup version 0.24-a0-282-g1a68c91 (webtiles) character file.

Game seed: 15312888685008579943

761 Ijustatesigmund the Cudgeler (level 7, -1/50 HPs)
             Began as an Octopode Fighter on May 2, 2019.
             Slain by an ice beast (2 damage)
             ... on level 5 of the Dungeon.
             The game lasted 00:07:42 (4173 turns).

Ijustatesigmund the Cudgeler (Octopode Fighter)     Turns: 4173, Time: 00:07:42

Health: -1/50      AC:  2    Str: 15    XL:     7   Next: 80%
Magic:  7/7        EV: 12    Int: 10    God:
Gold:   189        SH:  9    Dex: 16    Spells: 6/6 levels left

rFire    . . .     SeeInvis .   a - +0 morningstar
rCold    + . .     Gourm    .   b - +0 shield
rNeg     . . .     Faith    .   (helmet restricted)
rPois    .         Spirit   .   (no amulet)
rElec    .         Reflect  .   (no ring)
rCorr    +         Harm     .   k - ring of protection from cold
MR       .....     Rnd*Rage +   o - ring of resist corrosion
Stlth    ++........             (no ring)
HPRegen  0.16/turn              (no ring)
MPRegen  0.10/turn              (no ring)
                                (no ring)
                                (no ring)

@: no status effects
A: almost no armour, stealthy swim, amphibious, 8 rings, constrict 8, camouflage
1, agile 1, berserk 1, shaggy fur 1, gelatinous body 1, subdued magic 1
a: no special abilities


You were on level 5 of the Dungeon.
You were hungry.

You visited 1 branch of the dungeon, and saw 6 of its levels.

You collected 189 gold pieces.

Inventory:

Hand Weapons
 a - a +0 morningstar (weapon)
Armour
 b - a +0 shield (worn)
Jewellery
 k - a ring of protection from cold (right tentacle)
 o - a ring of resist corrosion (on tentacle)
Wands
 t - a wand of scattershot (6)
Scrolls
 f - a scroll of fog
 g - 3 scrolls of identify
 i - a scroll of amnesia
 n - 2 scrolls of teleportation
 p - a scroll of immolation
 r - 2 scrolls of remove curse
 s - a scroll of magic mapping
Potions
 c - a potion of might
 e - a potion of curing
 h - a potion of ambrosia {unknown}
 l - a potion of resistance
 q - a potion of degeneration {unknown}
Comestibles
 d - 9 rations


   Skills:
 + Level 5.6 Fighting
 * Level 6.9 Maces & Flails
 - Level 3.3 Dodging
 - Level 3.2 Shields


You had 6 spell levels left.
You didn't know any spells.
Your spell library was empty.

Dungeon Overview and Level Annotations

Branches:
Dungeon (6/15)
 Temple: D:4-7

Altars:
Fedhas
Hepliaklqana
Makhleb
Qazlal
Wu Jian


Innate Abilities, Weirdness & Mutations

You cannot wear most types of armour.
You are very stealthy in the water. (Stealth+)
You are amphibious.
You can wear up to eight rings at the same time.
You can use your tentacles to constrict eight enemies at once.
Your skin changes colour to match your surroundings (Stealth+).
Your rubbery body absorbs attacks. (AC +1, EV +1)
You are agile. (Dex +2)
You tend to lose your temper in combat.
You are covered in fur. (AC +1)
Your spells are a little easier to cast, but a little less powerful.


Message History

The ice beast is moderately wounded.
The ice beast barely misses you.
You closely miss the ice beast. You squeeze the ice beast.
The ice beast is heavily wounded.
You block the ice beast's attack.
You feel better. The ice beast hits you. The ice beast freezes you. You resist.
* * * LOW HITPOINT WARNING * * *
You thump the ice beast!
The ice beast is severely wounded.
You block the ice beast's attack.
You closely miss the ice beast.
The ice beast is severely wounded.
The ice beast closely misses you. The ice beast hits you.
* * * LOW HITPOINT WARNING * * *
The ice beast freezes you. You resist.
* * * LOW HITPOINT WARNING * * *
You barely miss the ice beast. You squeeze the ice beast.
The ice beast is severely wounded.
The ice beast hits you.
You die...

#.# #.#........# #######.#
#)#.#.###..# ###.......#
#.#.#...#..# .....######
#.#.###.#..# ###...#
#.#...[.#..# #.#.#
#.#######..# #.#.#
#..........#
###.#.################.###
...............Y@........#
###.##.###.###############
#.....# #.# #.....###.#
#......##.# #....#.##.#
#....#.##.# #....#.##.#
#....#..#.#


You could see an ice beast.

Vanquished Creatures
  An ogre (D:6)
  A centaur (D:5)
  2 howler monkeys
  2 crimson imps (D:5)
  4 hounds (D:4)
  2 orc wizards (D:4)
  Jessica (D:3)
  An iguana (D:5)
  A hound zombie (D:5)
  A howler monkey zombie (D:5)
  5 adders
  2 shadow imps
  An ooze (D:1)
  2 adder skeletons
  5 dart slugs
  2 leopard geckos
  15 orcs
  2 giant cockroaches
  10 goblins
  7 hobgoblins
  20 jackals
  4 quokkas
  A ball python (D:3)
  7 bats
  A frilled lizard (D:4)
  8 kobolds
  8 rats
116 creatures vanquished.

Notes
Turn   | Place    | Note
-------+----------+-------------------------------------------
     0 | D:1      | Ijustatesigmund the Octopode Fighter began the quest for
                  | the Orb.
     0 | D:1      | Reached XP level 1. HP: 16/16 MP: 1/1
   148 | D:1      | Reached XP level 2. HP: 12/21 MP: 2/2
   428 | D:1      | Reached XP level 3. HP: 13/26 MP: 3/3
  1222 | D:2      | Reached skill level 3 in Maces & Flails
  1229 | D:2      | Reached XP level 4. HP: 18/32 MP: 4/4
  1471 | D:2      | Gained mutation: You occasionally shout uncontrollably at
                  | your foes. [potion of mutation]
  1471 | D:2      | Gained mutation: You are somewhat resistant to further
                  | mutation. [potion of mutation]
  1472 | D:2      | Lost mutation: You occasionally shout uncontrollably at
                  | your foes. [potion of mutation]
  1472 | D:2      | Lost mutation: You are somewhat resistant to further
                  | mutation. [potion of mutation]
  1472 | D:2      | Gained mutation: You tend to lose your temper in combat.
                  | [potion of mutation]
  1472 | D:2      | Gained mutation: Your spells are a little easier to cast,
                  | but a little less powerful. [potion of mutation]
  1472 | D:2      | Gained mutation: You are covered in fur. (AC +1) [potion of
                  | mutation]
  1472 | D:2      | Gained mutation: You are agile. (Dex +2) [potion of
                  | mutation]
  1493 | D:2      | Found a stormy altar of Qazlal.
  1729 | D:3      | Found an ornate altar of the Wu Jian Council.
  1826 | D:3      | Reached XP level 5. HP: 31/37 MP: 5/5
  1918 | D:3      | Noticed Jessica
  1930 | D:3      | Killed Jessica
  1930 | D:3      | Reached skill level 4 in Maces & Flails
  2313 | D:4      | Reached XP level 6. HP: 24/44 MP: 6/6
  2641 | D:4      | Reached skill level 5 in Maces & Flails
  2699 | D:4      | Found a blossoming altar of Fedhas.
  2738 | D:4      | Found a burning altar of Makhleb.
  2899 | D:4      | Found a hazy altar of Hepliaklqana.
  3098 | D:5      | Entered Level 5 of the Dungeon
  3120 | D:5      | Reached XP level 7. HP: 46/49 MP: 7/7
  3149 | D:5      | Reached skill level 5 in Fighting
  3149 | D:5      | Reached skill level 6 in Maces & Flails
  4172 | D:5      | HP: 1/50 [ice beast (6)]
  4173 | D:5      | Slain by an ice beast

Levels and vault maps discovered:
D:1:      roderic_crop_circles_arrival_small, layout_basic
D:2:      layout_rooms, nrook_loot_triangle, chequers_serial_rivers_micro_c,
          nicolae_qazlal_general_emergency
D:3:      layout_rooms, lemuel_crystal_altar, minmay_misc_feat_more_columns,
          uniq_jessica
D:4:      layout_loops_ring, kennysheep_mini, fedhas_altar_1,
          makhleb_heckhound_becter
D:5:      layout_basic, first_ration
D:6:      cheibrodos_barr_body, layout_basic, lightli_temple_of_fire,
          amethyst_overflow_temple_binary, lemuel_round_altar,
          grunt_decor_clamped, uniq_edmund, uniq_prince_ribbit1

Skill      XL: |  1  2  3  4  5  6  7 |
---------------+----------------------+-----
Maces & Flails | 3 4 5 6 |  6.9
Fighting       | 4 5 |  5.6
Dodging        | |  3.3
Shields        | |  3.2

Action                   |  1- 3 |  4- 6 |  7- 9 || total
-------------------------+-------+-------+-------++-------
Melee: Flail             |    82 |    92 |       ||   174
       Constrict         |    27 |    34 |    12 ||    73
       Tentacles         |    14 |    23 |    10 ||    47
       Morningstar       |       |    20 |    62 ||    82
  Use: Potion            |     1 |     2 |     2 ||     5
       Scroll            |     4 |     6 |     2 ||    12
 Stab: Sleeping          |     2 |    10 |     1 ||    13
  Eat: Chunk             |     1 |     6 |     3 ||    10
Armor: Skin              |     7 |     9 |     3 ||    19
Dodge: Dodged            |    43 |    48 |    39 ||   130
Block: Shield            |    49 |    53 |    32 ||   134

Table legend:
 A = Non-vault XP
 B = Vault XP
 C = Vault XP percentage of total XP
 D = Non-vault monster count
 E = Vault monster count
 F = Vault count percentage of total count
                 A         B        C        D         E       F
            +---------+---------+-------+---------+---------+-------
      Total |    1008 |      80 |   7.4 |     114 |       2 |   1.7
            +---------+---------+-------+---------+---------+-------
        D:1 |      50 |       0 |   0.0 |      22 |       0 |   0.0
        D:2 |      85 |       0 |   0.0 |      33 |       0 |   0.0
        D:3 |      45 |      37 |  45.1 |      19 |       1 |   5.0
        D:4 |     296 |      43 |  12.7 |      18 |       1 |   5.3
        D:5 |     404 |       0 |   0.0 |      20 |       0 |   0.0
        D:6 |     128 |       0 |   0.0 |       2 |       0 |   0.0
            +---------+---------+-------+---------+---------+-------
